Map: Interloper LE

Players

thegrandpoo - Winner!

  • Race: Terran Terran
  • League: Platinum
  • Spawn Location: 11:00

Yata

  • Race: Zerg Zerg
  • League: Platinum
  • Spawn Location: 5:00

VOD

Have the link to the VOD?

Description

Time

  • Played on: Sept. 12, 2017, 7:58 p.m.
  • Length: 19:34
Show
View Real Time Build Order
Export as new Build Order

thegrandpoo Terran - Winner!

Build Orders: MMM Bio 

Get SALT Encoding   

  12  0:01  SCV  
  13  0:13  SCV  
  14  0:18  Supply Depot  
  14  0:25  SCV  
  15  0:41  Barracks  
  15  0:43  Refinery  
  15  0:45  SCV  
  16  0:58  SCV  
  17  1:15  SCV  
  18  1:28  Orbital Command  
  18  1:30  Marine  
  19  1:33  Supply Depot  
  19  1:47  Marine  
  19  1:51  Refinery  
  21  1:54  SCV  
  21  1:56  Factory  
  21  2:06  SCV  
  22  2:11  Barracks Reactor  
  22  2:22  SCV  
  23  2:33  Command Center  
  23  2:34  SCV  
  24  2:42  Factory Tech Lab  
  24  2:47  Starport  
  24  2:50  SCV  
  25  2:54  Marine  
  25  2:55  Marine  
  27  3:02  SCV  
  28  3:08  Siege Tank  
  31  3:16  Supply Depot  
  31  3:28  Barracks  
  31  3:38  Medivac  
  33  3:45  Supply Depot  
  33  3:46  Siege Tank  
  33  3:47  Marine x2  
  38  3:55  Orbital Command  
  37  4:00  SCV  
  38  4:12  SCV  
  36  4:38  Marine x2  
  38  4:41  SCV x2  
  40  4:48  Barracks Tech Lab  
  40  4:53  SCV  
  40  4:54  SCV  
  40  4:55  Marine  
  40  4:56  Marine  
  40  4:57  Engineering Bay  
  40  4:59  Starport Reactor  
  44  5:05  SCV  
  44  5:06  SCV  
  46  5:08  Marine  
  46  5:13  Marine x2  
  49  5:17  Siege Tank  
  49  5:18  SCV x2  
  49  5:21  Barracks  
  54  5:26  Terran Infantry Weapons Level 1, Marine  
  54  5:27  Engineering Bay  
  55  5:30  SCV x2  
  55  5:31  Marine x2  
  59  5:39  Supply Depot  
  59  5:42  SCV x2  
  61  5:43  Marine  
  62  5:50  Supply Depot  
  62  6:00  SCV x2, Marine x2, Missile Turret  
  66  6:12  SCV  
  67  6:21  Stimpack  
  67  6:25  Terran Infantry Armor Level 1  
  67  6:27  Siege Tank  
  67  6:28  Medivac x2  
  74  6:34  Barracks Reactor  
  74  6:37  Barracks  
  66  6:59  Marine  
  66  7:00  Marine x2  
  66  7:02  Medivac  
  66  7:06  SCV x2  
  70  7:13  Supply Depot  
  70  7:15  Supply Depot  
  70  7:17  Supply Depot, Marine x2  
  70  7:18  SCV x2, Marine, Missile Turret  
  70  7:19  Supply Depot  
  75  7:26  Barracks Reactor, Command Center  
  75  7:30  SCV  
  75  7:31  Armory  
  76  7:42  Supply Depot  
  76  7:47  Barracks  
  76  7:56  SCV  
  76  7:57  Refinery  
  77  7:59  Refinery  
  77  8:01  Supply Depot  
  77  8:04  Marine  
  77  8:05  Marine x6  
  81  8:07  Supply Depot, Siege Tank  
  87  8:22  Combat Shields, Marine x2  
  87  8:23  Marine  
  87  8:24  Supply Depot  
  90  8:29  Marine x4  
  90  8:30  Supply Depot  
  94  8:40  Marine x2  
  95  8:54  Supply Depot  
  91  9:15  Terran Infantry Weapons Level 2, Terran Infantry Armor Level 2  
  86  9:29  Marine x3  
  86  9:30  Marine x4  
  93  9:32  Siege Tank  
  93  9:33  Medivac x2  
  100  9:47  Marine x4  
  100  9:48  Marine x3  
  107  9:56  SCV x2  
  109  10:04  Marine  
  109  10:05  Planetary Fortress, Marine x5  
  115  10:08  SCV x2  
  117  10:18  Marine  
  117  10:20  SCV  
  117  10:21  SCV  
  120  10:22  Marine x2  
  120  10:23  Marine x4  
  120  10:27  Terran Vehicle Weapons Level 1  
  126  10:29  Liberator x2  
  126  10:32  SCV  
  126  10:33  SCV  
  128  10:45  Siege Tank, SCV x2  
  128  10:47  Marine x6  
  128  10:48  Marine  
  146  10:55  Fusion Core, Starport  
  146  10:56  Barracks Reactor  
  146  11:04  Marine  
  146  11:05  Marine  
  148  11:24  SCV x3  
  151  11:36  SCV x3  
  151  11:45  Starport Tech Lab  
  144  11:48  SCV x2, Starport  
  144  11:49  SCV  
  147  12:00  SCV  
  143  12:36  Liberator x2, Marine  
  144  12:37  Marine x8  
  152  12:46  Starport Tech Lab  
  152  12:47  Advanced Ballistics  
  152  12:49  Starport Reactor  
  152  12:54  Marine  
  152  12:55  Marine x8  
  152  12:56  Terran Infantry Weapons Level 3  
  152  12:57  Terran Infantry Armor Level 3  
  167  13:10  Supply Depot  
  167  13:12  Marine  
  160  13:22  Medivac  
  162  13:32  Supply Depot  
  132  13:36  Medivac x2  
  105  13:55  Supply Depot  
  99  14:01  Marine x8  
  99  14:02  Marine  
  108  14:03  Siege Tank  
  108  14:05  Medivac x2  
  115  14:18  Marine  
  115  14:19  Marine x7  
  123  14:25  Command Center  
  123  14:35  Refinery  
  123  14:36  Refinery, Siege Tank  
  126  14:43  Supply Depot  
  126  14:59  Supply Depot  
  126  15:21  Supply Depot  
  126  15:31  Marine  
  126  15:32  Marine x8  
  135  15:44  Supply Depot  
  135  15:49  Marine x2  
  136  15:50  Marine x7  
  131  16:05  Liberator x4  
  131  16:06  Liberator  
  131  16:07  Supply Depot  
  112  16:18  Marine  
  112  16:19  Marine x2  
  112  16:20  Marine x6  
  112  16:21  Siege Tank  
  139  16:25  Planetary Fortress  
  139  16:30  Supply Depot  
  139  16:36  Marine  
  139  16:37  Marine x2  
  142  16:45  Marine x2  
  142  16:46  Marine x4  
  148  16:48  Liberator  
  148  16:53  Barracks, Siege Tank  
  151  16:54  Barracks, Marine  
  151  16:55  Marine x2  
  154  17:03  Marine x2  
  154  17:04  Marine x4  
  154  17:05  Barracks x3  
  163  17:10  Refinery  
  163  17:11  Liberator, Refinery  
  163  17:12  Liberator x2  
  163  17:17  Barracks  
  163  17:18  Sensor Tower  
  163  17:26  Marine x9  
  163  17:28  Siege Tank  
  184  17:44  Marine x3  
  187  18:00  Siege Tank  
  168  19:01  Marine x12  
  168  19:02  Marine x3  
Show
View Real Time Build Order
Export as new Build Order

Yata Zerg 

Build Orders: Hatch First 

Get SALT Encoding   

  12  0:01  Drone  
  13  0:13  Overlord  
  13  0:20  Drone  
  14  0:32  Drone x2  
  14  0:35  Drone  
  17  0:56  Hatchery, Drone  
  17  1:00  Drone  
  18  1:10  Extractor  
  17  1:16  Spawning Pool  
  16  1:19  Drone  
  16  1:23  Drone  
  18  1:29  Drone  
  19  1:51  Drone  
  19  1:52  Overlord  
  20  2:02  Queen  
  20  2:08  Queen  
  24  2:09  Zergling x4  
  24  2:14  Metabolic Boost  
  26  2:16  Drone  
  27  2:23  Drone x2  
  29  2:34  Drone x2  
  31  2:40  Overlord  
  31  2:47  Queen  
  31  2:51  Baneling Nest  
  32  2:55  Evolution Chamber  
  32  2:56  Drone  
  32  3:00  Drone  
  32  3:04  Drone x2  
  35  3:17  Drone x5  
  40  3:22  Overlord  
  40  3:31  Drone x2  
  40  3:33  Zergling x4  
  44  3:38  Overlord  
  44  3:43  Pneumatized Carapace  
  44  3:53  Baneling x3  
  44  3:54  Baneling  
  44  4:20  Hatchery  
  41  4:39  Zerg Melee Weapons Level 1  
  41  4:42  Drone x2  
  43  4:49  Drone x9  
  43  4:51  Overlord x2  
  43  4:52  Overlord  
  52  5:01  Extractor  
  51  5:09  Lair, Queen  
  53  5:15  Drone x8  
  61  5:23  Extractor  
  60  5:37  Zergling x2  
  60  5:38  Zergling x12  
  67  6:01  Queen  
  67  6:03  Evolution Chamber  
  68  6:18  Baneling  
  68  6:19  Baneling x4  
  68  6:24  Zergling x12  
  68  6:25  Zergling x6  
  77  6:31  Zerg Missile Weapons Level 1  
  59  6:52  Drone  
  59  6:53  Drone x7  
  63  7:07  Zergling x2  
  63  7:08  Zergling x8  
  68  7:12  Baneling x4  
  68  7:19  Hydralisk Den  
  68  7:20  Hatchery  
  68  7:21  Zergling x14  
  73  7:26  Queen  
  73  7:27  Queen x2  
  79  7:31  Drone  
  79  7:32  Drone x2  
  82  8:32  Hydralisk x3  
  88  8:41  Baneling x6  
  86  9:02  Queen  
  85  9:03  Queen  
  85  9:07  Overlord x4  
  87  9:13  Queen  
  87  9:20  Zergling x2  
  88  9:25  Queen  
  88  9:30  Hydralisk  
  88  9:31  Hydralisk x14  
  92  9:34  Overlord x3  
  120  9:41  Overlord  
  120  9:49  Zerg Missile Weapons Level 2, Muscular Augments  
  120  9:57  Extractor  
  119  10:13  Zergling x2  
  119  10:14  Zergling x26  
  133  10:43  Zergling x2  
  133  10:44  Zergling x16  
  133  10:47  Overlord x4  
  142  11:03  Infestation Pit  
  141  11:06  Zerg Ground Armor Level 1  
  141  11:11  Overseer x3  
  141  11:14  Hydralisk x6  
  153  11:20  Drone x10  
  162  11:45  Hydralisk x6  
  174  11:50  Overlord x4  
  174  11:51  Overlord x2  
  174  12:01  Baneling  
  174  12:02  Baneling x5  
  135  12:30  Zergling x2  
  135  12:31  Zergling x26  
  135  12:34  Zergling x2  
  148  12:43  Centrifical Hooks  
  148  12:55  Zergling x2  
  148  12:56  Zergling x14  
  156  13:04  Hive  
  156  13:05  Zerg Ground Armor Level 2  
  156  13:10  Hatchery  
  155  13:18  Zergling x4  
  155  13:19  Zergling x24  
  168  13:22  Hatchery  
  114  13:43  Zergling x2  
  114  13:44  Zergling x24  
  110  13:53  Hydralisk  
  110  13:54  Hydralisk x2  
  113  14:02  Hydralisk x4  
  121  14:23  Hydralisk  
  121  14:24  Hydralisk x7  
  121  14:25  Hydralisk  
  139  14:32  Hydralisk  
  141  14:39  Extractor  
  141  14:42  Extractor  
  139  14:48  Extractor  
  139  14:49  Extractor  
  139  14:51  Drone  
  139  14:52  Drone x21  
  159  14:56  Hydralisk x3  
  165  15:06  Zergling x10  
  170  15:08  Queen  
  170  15:09  Queen  
  174  15:20  Zergling x2  
  174  15:21  Zergling x20  
  185  15:24  Baneling  
  185  15:25  Baneling x14  
  185  15:26  Baneling x2  
  185  15:37  Hydralisk  
  185  15:38  Hydralisk x3  
  193  15:43  Zergling x8  
  193  15:44  Zergling x4  
  162  16:05  Zergling x14  
  162  16:06  Zergling x18  
  148  16:14  Zergling x2  
  148  16:15  Zergling x6  
  139  16:19  Zergling x8  
  143  16:30  Hydralisk  
  143  16:31  Hydralisk x5  
  155  16:44  Hydralisk  
  155  16:45  Hydralisk x6  
  169  16:52  Zergling x2  
  169  16:53  Zergling x8  
  174  16:55  Baneling  
  174  16:56  Baneling x16  
  174  17:03  Zergling x2, Hydralisk  
  174  17:04  Hydralisk x3  
  183  17:16  Extractor  
  183  17:21  Extractor  
  181  17:24  Hydralisk  
  181  17:25  Hydralisk x5  
  187  17:46  Hydralisk  
  187  17:47  Hydralisk x5  
  187  17:51  Zergling x4  
  163  18:07  Zergling x12  
  163  18:08  Zergling x40  
  176  18:26  Hydralisk x7  
  188  18:36  Hydralisk  
  188  18:37  Hydralisk x2  
  194  18:41  Zergling x2  
  194  18:42  Zergling x10  
  193  19:00  Hydralisk x5  
  113  19:17  Zergling x4  
Tags
 
Composition
MMM Bio
Matchup
TvZ
Replay Pack
Pack 1
Spawn Locations
Cross Positions
Add a new tag
Caveats
  • Supply blocks, unpowered buildings, or Contaminate may cause inaccurate times.
  • Supply counts are checked every 10 seconds.